 Dungeon Crawl Stone Soup version 0.24-a0-441-g27f0392e16 (webtiles) character file.

Game seed: 16426477560766792124

1674 Jyms the Conjurer (level 9, -4/60 HPs)
             Began as a Human Conjurer on June 20, 2019.
             Was a Follower of Hepliaklqana.
             Slain by an ogre
             ... wielding a +0 giant spiked club
              (20 damage)
             ... on level 7 of the Dungeon.
             The game lasted 02:06:40 (9137 turns).

Jyms the Conjurer (Human Conjurer)                  Turns: 9137, Time: 02:06:41

Health: -4/60      AC:  4    Str: 11    XL:     9   Next: 21%
Magic:  9/15       EV: 15    Int: 16    God:    Hepliaklqana [*.....]
Gold:   199        SH:  0    Dex: 14    Spells: 9/16 levels left

rFire    . . .     SeeInvis .   a - +2 dagger (protect)
rCold    . . .     Gourm    .   (no shield)
rNeg     . . .     Faith    .   g - +0 robe
rPois    .         Spirit   .   (no helmet)
rElec    .         Reflect  .   h - scarf {cloud immunity}
rCorr    .         Harm     .   l - +0 pair of gloves
MR       .....                  q - +0 pair of boots
Stlth    ++........             (no amulet)
HPRegen  0.20/turn              (no ring)
MPRegen  0.14/turn              (no ring)

@: no status effects
A: reduced essence
a: Recall Ancestor, Ancestor Identity, Renounce Religion


You were on level 7 of the Dungeon.
You worshipped Hepliaklqana.
Hepliaklqana was aware of your devotion.
You were not hungry.

You visited 2 branches of the dungeon, and saw 10 of its levels.

You collected 199 gold pieces.

Inventory:

Hand Weapons
 a - a +2 dagger of protection (weapon)
 e - a +0 hand axe
 m - a +0 dagger of venom
 x - the +2 hunting sling "Kejozuco" {freeze, Int+6}
   (You found it on level 6 of the Dungeon)

   It causes projectiles fired from it to freeze those they strike, causing
   extra injury to most foes and up to half again as much damage against
   particularly susceptible opponents.
   They can also slow down cold-blooded creatures.
   It affects your intelligence (+6).
Missiles
 f - 114 stones
 v - 6 silver javelins (quivered)
Armour
 g - a +0 robe (worn)
 h - a scarf of cloud immunity (worn)
 l - a +0 pair of gloves (worn)
 q - a +0 pair of boots (worn)
 t - the +5 ring mail of Classification {Dex+4, unknown}
   (You found it on level 6 of the Dungeon)

   It affects your dexterity (+4).
Wands
 y - a wand of polymorph (8)
Scrolls
 j - 3 scrolls of remove curse
 o - 2 scrolls of noise
 r - a scroll of amnesia
Potions
 d - 3 potions of flight
 n - 2 potions of lignification
 p - 2 potions of degeneration
 u - a potion of berserk rage {unknown}
 w - a potion of might {unknown}
Comestibles
 c - 2 rations


   Skills:
 + Level 4.9 Fighting
 + Level 5.0 Short Blades
 - Level 5.0 Dodging
 - Level 3.0 Stealth
 + Level 4.3 Spellcasting
 - Level 5.5 Conjurations
 + Level 2.8 Translocations


You had 9 spell levels left.
You knew the following spells:

 Your Spells              Type           Power        Failure   Level  Hunger
a - Magic Dart            Conj           ###.         1%          1    None
b - Searing Ray           Conj           ###...       2%          2    ##.....
c - Force Lance           Conj/Tloc      ###.....     28%         4    ####...

Your spell library contained the following spells:

 Spells                   Type           Power        Failure   Level  Hunger
 Dazzling Spray           Conj/Hex       ##....       16%         3    ###....
 Iskenderun's Mystic Bla  Conj           ###.....     17%         4    ####...
 Fulminant Prism          Conj/Hex       ##........   45%         4    ####...


Dungeon Overview and Level Annotations

Branches:
Dungeon (9/15)             Temple (1/1) D:5            Lair (0/6) D:9
    Orc: D:9-12

Altars:
Ashenzari
Cheibriados
Elyvilon
Fedhas
Gozag
Hepliaklqana
Kikubaaqudgha
Makhleb
Nemelex Xobeh
Okawaru
Ru
Sif Muna
Trog
Uskayaw
Vehumet
Wu Jian
Xom
Yredelemnul
Zin
The Shining One

Shops:
D:6 =

Annotations:
D:4 1 exclusion, Eustachio
D:5 Prince Ribbit
D:7 Harold, Joseph
D:8 Psyche


Message History

The hound bites you but does no damage.
Giotto hits the hound zombie.
There is an open door here.
The hound misses you.
You open the door.
The centaur wields a +0 shortbow.
The centaur shoots an arrow.
The arrow barely misses you.
Giotto hits the hound zombie!
The hound zombie is destroyed!
The hound barely misses you.
A jelly comes into view.
The hound misses you.
Found a metal-bound book.
There is an open door here.
As you read the scroll labeled VEYDWUECOB, it crumbles to dust.
The creatures around you are filled with an inner flame!
It was a scroll of immolation.
The hound bites you.
* * * LOW HITPOINT WARNING * * *
Giotto hits the hound.
Giotto hits the centaur.
The hound closely misses you.
The ogre hits you with a +0 giant spiked club!!
You die...

,,,,,,,*,,,,,,,∩,,*..............
,,,,,,,',,,,..⌠.⌠,*..............
'***,****.,*#...,**#.###.#....#..
,***,****..##...####.###.########
,,*,,,,,,.................*
,,*,,,,,,.................*
,,*,,,,,,<..............:.*
,,*,,,,,,........O...J....*
,,*,,,,,,.......@h........*
,**,,**,*######†##c#####.,*
***,,##.##.####.##(######**
,,*,,..............R....#
,,*,,..........(...#....#
,****######.(####..#>...#
,***,,,,**#..#**#########
,,,,,,,,,#....,,*
,,,,,,,,,#....,,*


You could see an ogre (inner flame), a centaur (inner flame), a hound (inner
flame) and a jelly (inner flame).

Vanquished Creatures
  2 ice beasts
  A centaur (D:6)
  2 bullfrogs
  3 crimson imps
  A jelly (D:7)
  3 bullfrog skeletons
  2 hounds (D:4)
  An iguana (D:5)
  3 orc wizards
  2 worker ants
  10 adders
  4 gnolls (D:3)
  An ooze (D:3)
  An adder skeleton (D:5)
  2 worms (D:2)
  A dart slug (D:6)
  7 leopard geckos
  8 orcs
  5 bats
  6 giant cockroaches
  7 hobgoblins
  9 jackals
  A quokka (D:5)
  4 ball pythons
  6 frilled lizards
  10 goblins
  A jackal skeleton (D:6)
  7 kobolds
  A rat (D:2)
111 creatures vanquished.

Vanquished Creatures (collateral kills)
  A hungry ghost (D:5)
  2 centaurs
  Blork the orc (D:5)
  A scorpion (D:7)
  A crimson imp (D:6)
  A jelly (D:5)
  An orc priest (D:6)
  An orc wizard (D:5)
  A worker ant (D:5)
  A hound zombie (D:7)
  A hound skeleton (D:5)
  An adder (D:5)
  An adder skeleton (D:4)
  A leopard gecko (D:5)
  2 orcs (D:5)
  A giant cockroach (D:5)
  2 frilled lizards (D:5)
20 creatures vanquished.

Vanquished Creatures (others)
  2 ancestors
  An ooze (D:2)
  A bat (D:3)
4 creatures vanquished.

Grand Total: 135 creatures vanquished

Notes
Turn   | Place    | Note
-------+----------+-------------------------------------------
     0 | D:1      | Jyms the Human Conjurer began the quest for the Orb.
     0 | D:1      | Reached XP level 1. HP: 13/13 MP: 3/3
   464 | D:1      | Reached XP level 2. HP: 19/19 MP: 1/5
   891 | D:1      | Reached XP level 3. HP: 24/24 MP: 0/6
  1276 | D:2      | Found a bloodstained altar of Trog.
  1587 | D:2      | Learned a level 2 spell: Searing Ray
  1754 | D:2      | Reached XP level 4. HP: 30/30 MP: 3/7
  2429 | D:3      | Found a shimmering altar of Xom.
  2478 | D:3      | Found a shimmering altar of Xom.
  2478 | D:3      | Found a shimmering altar of Xom.
  2478 | D:3      | Found a shimmering altar of Xom.
  2485 | D:3      | Found a shimmering altar of Xom.
  2485 | D:3      | Found a shimmering altar of Xom.
  2485 | D:3      | Found a shimmering altar of Xom.
  2486 | D:3      | Found a shimmering altar of Xom.
  2543 | D:3      | Reached XP level 5. HP: 36/36 MP: 5/9
  2548 | D:3      | Reached skill level 1 in Fighting
  2886 | D:3      | Reached skill level 1 in Short Blades
  3080 | D:3      | Found a basalt altar of Yredelemnul.
  3082 | D:3      | Noticed a profane servitor
  3095 | D:3      | Found a glowing golden altar of the Shining One.
  3097 | D:3      | Noticed an angel
  3686 | D:4      | Reached XP level 6. HP: 41/44 MP: 2/10
  3793 | D:4      | Noticed Eustachio
  3980 | D:4      | Found a burning altar of Makhleb.
  4127 | D:4      | Found an ornate altar of the Wu Jian Council.
  4146 | D:4      | Found a burning altar of Makhleb.
  4148 | D:4      | Found a shimmering altar of Xom.
  4743 | D:4      | Found a hazy altar of Hepliaklqana.
  4748 | D:4      | Became a worshipper of Hepliaklqana the Forgotten
  4880 | D:5      | Entered Level 5 of the Dungeon
  5107 | D:5      | Reached XP level 7. HP: 45/45 MP: 4/11
  5175 | D:5      | Found a hide-covered altar of Uskayaw.
  5224 | D:5      | Learned a level 4 spell: Force Lance
  5349 | D:5      | Found a staircase to the Ecumenical Temple.
  5364 | Temple   | Entered the Ecumenical Temple
  5658 | D:5      | Reached skill level 5 in Conjurations
  6087 | D:5      | Noticed Prince Ribbit
  6508 | D:5      | Noticed Blork the orc
  6525 | D:5      | Killed Blork the orc
  6525 | D:5      | Reached XP level 8. HP: 40/52 MP: 5/12
  7242 | D:6      | Found an iron altar of Okawaru.
  7264 | D:6      | Got a warped ring mail
  7286 | D:6      | Found Keoxid's Jewellery Emporium.
  7303 | D:6      | Found a white marble altar of Elyvilon.
  7317 | D:6      | Reached skill level 1 in Translocations
  7473 | D:6      | Reached * piety under Hepliaklqana
  7541 | D:6      | Found an opulent altar of Gozag.
  7768 | D:6      | Got a warped hunting sling
  7938 | D:6      | You fall into a shaft and drop 1 floor!
  7938 | D:7      | Found a blossoming altar of Fedhas.
  8005 | D:6      | Found a snail-covered altar of Cheibriados.
  8052 | D:6      | Identified the +2 hunting sling "Kejozuco" {freeze, Int+6}
                  | (You found it on level 6 of the Dungeon)
  8056 | D:6      | Found a snail-covered altar of Cheibriados.
  8139 | D:7      | Noticed Harold
  8428 | D:6      | Reached skill level 5 in Dodging
  8428 | D:6      | Reached XP level 9. HP: 46/59 MP: 0/15
  8663 | D:7      | Noticed Joseph
  8669 | D:7      | You fall into a shaft and drop 2 floors!
  8669 | D:9      | Noticed a troll
  8904 | D:8      | Noticed Psyche
  9126 | D:8      | Reached skill level 5 in Short Blades
  9137 | D:7      | Slain by an ogre

Levels and vault maps discovered:
D:1:      shiori_shiawase, layout_basic, minmay_crystal_room
D:2:      layout_rooms, trog_book
D:3:      layout_loops_ring, grunt_temple_overflow_holy_war, first_ration,
          grunt_ministairs_15, xom_redecorated
D:4:      layout_cave_pods, kennysheep_little_box, minitemple,
          makhleb_heckhound_becter, uniq_eustachio
D:5:      layout_rooms, lemuel_coloured_pillars_altar,
          minmay_temple_entry_steel_oval, uniq_blork_the_orc,
          uniq_prince_ribbit1
D:6:      layout_loops_ring, kennysheep_slug_shrine, elyvilon_altar_1,
          lemuel_doored_altar, serial_shops, shop, basic_altar, grunt_decor_cap,
          okawaru_metal_pillars_1_2
D:7:      layout_gridville, nicolae_dithmenos_shadow_blocks,
          fedhas_ov_isle_minmay, serial_shops, shop, shop, shop_fountains,
          trog_three_pillars_becter, uniq_joseph, uniq_harold,
          uniq_crazy_yiuf_cottage
D:8:      layout_cave_pools, serial_shops, nicolae_shop_waterfront, uniq_psyche
D:9:      layout_loops_ring, nicolae_qazlal_general_emergency,
          erik_lair_orcish_takeover
Temple:   compressed_dpeg_triangle_lava_temple

Skill      XL: |  1  2  3  4  5  6  7  8  9 |
---------------+----------------------------+-----
Stealth        | 3 |  3.0
Dodging        | 3 4 5 |  5.0
Fighting       | 1 2 3 4 |  4.9
Spellcasting   | 3 4 |  4.3
Short Blades   | 1 2 3 4 5 |  5.0
Conjurations   | 5 |  5.5
Translocations | 2 |  2.8

Action                   |  1- 3 |  4- 6 |  7- 9 || total
-------------------------+-------+-------+-------++-------
Melee: Dagger            |     7 |    29 |    45 ||    81
Throw: Stone             |     2 |     2 |       ||     4
       Javelin           |       |       |     1 ||     1
 Cast: Magic Dart        |    77 |   152 |   132 ||   361
       Searing Ray       |       |     8 |    11 ||    19
Invok: Recall Ancestor   |       |     1 |     5 ||     6
       Ancestor Identity |       |     1 |     1 ||     2
  Use: Scroll            |     2 |     7 |    10 ||    19
       Potion            |       |       |     5 ||     5
  Eat: Chunk             |     3 |     2 |     6 ||    11
       Ration            |       |     3 |     4 ||     7
Armor: Robe              |       |    20 |    32 ||    52
Dodge: Dodged            |    13 |    55 |   103 ||   171

Table legend:
 A = Non-vault XP
 B = Vault XP
 C = Vault XP percentage of total XP
 D = Non-vault monster count
 E = Vault monster count
 F = Vault count percentage of total count
                 A         B        C        D         E       F
            +---------+---------+-------+---------+---------+-------
      Total |    2242 |     150 |   6.3 |     127 |       5 |   3.8
            +---------+---------+-------+---------+---------+-------
        D:1 |      31 |       0 |   0.0 |      19 |       0 |   0.0
        D:2 |      91 |       0 |   0.0 |      26 |       0 |   0.0
        D:3 |     122 |       4 |   3.2 |      23 |       2 |   8.0
        D:4 |     266 |      42 |  13.6 |      14 |       1 |   6.7
        D:5 |     851 |     100 |  10.5 |      26 |       1 |   3.7
        D:6 |     508 |       4 |   0.8 |      11 |       1 |   8.3
        D:7 |     261 |       0 |   0.0 |       5 |       0 |   0.0
        D:8 |      99 |       0 |   0.0 |       2 |       0 |   0.0
        D:9 |      13 |       0 |   0.0 |       1 |       0 |   0.0
            +---------+---------+-------+---------+---------+-------
